cohdb
Replays
Latest Replays
All Replays
Popular Replays
Top Player Replays
Match Explorer
How It Works
Community
CoH3 Stats
Reddit
Sign in to upload your games and track your stats! →
Sign in with Steam
4v4 top ranks
Match 37477099
Overview
Messages
Build Orders
End
Panzergrenadier Squad
Selects Battlefield Espionage Battlegroup
Selects Battlefield Espionage Battlegroup
Selects Battlefield Espionage Battlegroup
250 Light Carrier
Panzergrenadier Squad
Construct Light Support Kompanie
Combat Half-tracks
Selects Intel Disruption Beacon
Panzerjäger Squad
2.5-tonne Medical Truck
Panzerjäger Mechanized Group
Fire Support Elements
Selects Transfer Depots
Selects 250/3 Funkpanzerwagen
水银灯
TURTLE LEONID
JIANHU
TIAmoRoselia.
Rei
Clororaa
Thomas
Lazy Ren
0
0
Comments
sign in to comment!
No comments posted yet!